 Dungeon Crawl Stone Soup version 0.30.0-5-g1a98f26d00 (webtiles) character file.

Game seed: 13044581517901883131

1842 SnakkuSnakku7 the Spear-Bearer (level 7, -1/53 HPs)
             Began as a Vampire Hedge Wizard on May 12, 2023.
             Was a Follower of Ru.
             Slain by a killer bee (5 damage)
             ... on level 7 of the Dungeon.
             The game lasted 00:11:29 (5814 turns).

SnakkuSnakku7 the Spear-Bearer (VpHW)               Turns: 5814, Time: 00:11:30

Health: -1/53      AC:  6    Str: 11    XL:     7   Next: 87%
Magic:  11/11      EV: 10    Int: 23    God:    Ru [*.....]
Gold:   176        SH:  5    Dex: 13    Spells: 11/12 levels left

rFire   . . .        a - +1 scythe (protect)
rCold   . . .        (shield currently unavailable)
rNeg    . . .        k - +0 ring mail
rPois   +            c - +0 hat
rElec   .            e - +0 cloak
rCorr   .            (no gloves)
SInv    +            (no boots)
Will    .....        C - amulet of reflection
Stlth   +            n - ring of poison resistance
HPRegen 0.48/turn    t - +6 ring of intelligence
MPRegen 0.12/turn

%: reflection
@: silenced, healing quickly
A: alive, fangs 3, see invisible, inexperienced 1, vampiric 2
a: Exsanguinate, Renounce Religion


You were on level 7 of the Dungeon.
You worshipped Ru.
Ru was aware of your devotion.
You visited 2 branches of the dungeon, and saw 9 of its levels.

You collected 338 gold pieces.
You spent 162 gold pieces at shops.

Inventory:

Hand Weapons
 a - a +1 scythe of protection (weapon)
Missiles
 w - 6 boomerangs
Armour
 c - a +0 hat (worn)
 e - a +0 cloak (worn)
 k - a +0 ring mail (worn)
 o - a +0 buckler
Jewellery
 n - a ring of poison resistance (left hand)
 t - a +6 ring of intelligence (right hand)
 C - an amulet of reflection (around neck)
Wands
 f - a wand of flame (41)
Scrolls
 g - 2 scrolls of silence
 h - 2 scrolls of enchant armour {unknown}
 j - 2 scrolls of teleportation
 r - a scroll of vulnerability
 s - a scroll of fear {unknown}
 v - a scroll of enchant weapon
 y - 2 scrolls of magic mapping {unknown}
 A - 2 scrolls of amnesia {unknown}
 E - a scroll of immolation
Potions
 b - a potion of flight {unknown}
 d - a potion of magic
 i - a potion of attraction {unknown}
 p - 2 potions of curing
 q - a potion of mutation
 u - a potion of brilliance
 x - a potion of resistance
 D - a potion of cancellation


   Skills:
 - Level 3.8 Fighting
 + Level 8.8 Polearms
 - Level 2.1 Dodging
 - Level 3.0 Stealth
 - Level 4.6 Unarmed Combat
 - Level 3.0 Spellcasting
 - Level 0.6 Conjurations
 - Level 1.0 Summonings
 - Level 0.7 Translocations


You had 11 spell levels left.
You knew the following spells:

 Your Spells              Type           Power      Damage    Failure   Level
a - Magic Dart            Conj           24%        1d4       22%         1

Your spell library contained the following spells:

 Spells                   Type           Power      Damage    Failure   Level
 Freeze                   Ice            12%        1d3       28%         1
 Slow                     Hex            12%        N/A       28%         1
 Call Imp                 Summ           16%        N/A       28%         2
 Blink                    Tloc           12%        N/A       32%         2
 Cigotuvi's Dreadful Rot  Necr/Pois/Air  6%         N/A       38%         2
 Hailstorm                Conj/Ice       4%         3d4       58%         3
 Stone Arrow              Conj/Erth      8%         3d7       58%         3
 Mephitic Cloud           Conj/Pois/Air  4%         N/A       61%         3
 Frozen Ramparts          Ice            6%         1d1       63%         3
 Iskenderun's Battlesphe  Conj           6%         2d6       99%         5
 Orb of Destruction       Conj           3%         9d5       100%        7


Dungeon Overview and Level Annotations

Branches:
Dungeon (8/15)             Temple (1/1) D:4
   Lair: D:8-11

Altars:
Ashenzari
Cheibriados
Dithmenos
Fedhas
Gozag
Hepliaklqana
Kikubaaqudgha
Makhleb
Nemelex Xobeh
Okawaru
Qazlal
Ru
Sif Muna
Trog
Uskayaw
Vehumet
Wu Jian
Xom
Yredelemnul
Lugonu

Shops:
D:1 :   D:2 :   D:4 *

Portals:
Abyss: D:5


Innate Abilities, Weirdness & Mutations

Your natural rate of healing is accelerated.
You have razor-sharp teeth.
You have supernaturally acute eyesight. (SInv)
You are somewhat inexperienced. (-1 XL)
You are afflicted with vampirism and can become a bat while bloodless.


Message History

Unknown command.
The killer bee attacks as you move away!
The killer bee barely misses you. The killer bee closely misses you.
The killer bee stings you but does no damage.
The killer bee stings you.
Unknown command.
Unknown command.
You closely miss the killer bee.
The killer bee buzzes angrily. x2
Your bite misses the killer bee.
Your surroundings suddenly seem different.
Unknown command.
Unknown command.
The killer bee buzzes angrily.
You hear an angry buzzing noise.
You hear a shout!
Things that are here:
a +0 halberd; a scroll labelled PADDESCH YWUEQE; a gnoll skeleton A gnoll comes into view.
It is wielding a +0 halberd.
The killer bee buzzes angrily.
You hear an angry buzzing noise.
You hear a shout!
You block the killer bee's attack.
The killer bee stings you but does no damage.
The killer bee stings you!
* * * LOW HITPOINT WARNING * * *
The killer bee stings you.
* * * LOW HITPOINT WARNING * * *
The killer bee stings you!
* * * LOW HITPOINT WARNING * * *
The killer bee stings you.
* * * LOW HITPOINT WARNING * * *
The gnoll completely misses you.
There is a stone staircase leading down, spattered with blood here.
As you read the scroll labelled NUIKHO DINIE, it crumbles to dust.
A profound silence engulfs you.
It was a scroll of silence.
The killer bee barely misses you. x3
The killer bee stings you but does no damage.
The killer bee barely misses you. The gnoll hits you but does no damage.
Unknown command.
The killer bee stings you.
You die...

....< ..P..# ~~....#
(P..... ~~.....
.P.... ### ..
#..###.###
#..#...y....#
##....gy@...#
#......yyy..##
......#.y####
..#..yy...#.#
##......##..#......##
....y......#####)...#
...W...y.... #...##
...........####..##
......$.##..#....##


You could see 8 killer bees and a gnoll.

Vanquished Creatures
  Prince Ribbit (D:7)
  Sigmund (D:2)
  A sky beast (D:7)
  An ice beast (D:5)
  An ogre (D:6)
  A centaur (D:6)
  2 phantoms
  A bullfrog (D:7)
  3 scorpions
  5 hounds
  2 jellies
  2 orc priests (D:5)
  3 iguanas
  5 orc wizards
  A sleepcap (D:6)
  10 gnolls
  8 adders
  A worm (D:5)
  4 dart slugs
  28 orcs
  10 ball pythons
  5 endoplasms
  2 giant cockroaches (D:1)
  6 goblins
  7 hobgoblins
  11 kobolds
  4 quokkas
  13 bats
  2 frilled lizards
  5 rats
  A lurking horror (D:5)
147 creatures vanquished.

Vanquished Creatures (others)
  A lurking horror (D:5)
1 creature vanquished.

Grand Total: 148 creatures vanquished

Notes
Turn   | Place    | Note
-------+----------+-------------------------------------------
     0 | D:1      | SnakkuSnakku7 the Vampire Hedge Wizard began the quest for
                  | the Orb.
     0 | D:1      | Reached XP level 1. HP: 13/13 MP: 4/4
    94 | D:1      | Reached skill level 1 in Unarmed Combat
   147 | D:1      | Reached skill level 1 in Fighting
   147 | D:1      | Reached XP level 2. HP: 20/21 MP: 6/6
   546 | D:1      | Gained mutation: You are afflicted with vampirism and can
                  | become a bat while bloodless. [Vampire growth]
   546 | D:1      | Reached XP level 3. HP: 26/26 MP: 7/7
   798 | D:1      | Found Keonoi Imao's Book Emporium.
   828 | D:2      | Found Uple's Book Emporium.
  1240 | D:2      | Noticed Sigmund
  1412 | D:2      | Reached XP level 4. HP: 33/33 MP: 8/8
  1777 | D:3      | Found a snail-covered altar of Cheibriados.
  1822 | D:3      | Found an iron altar of Okawaru.
  1980 | D:3      | Found a faded altar of an unknown god.
  2109 | D:3      | Found a sparkling altar of Nemelex Xobeh.
  2355 | D:3      | Reached XP level 5. HP: 39/40 MP: 9/9
  2722 | D:2      | Killed Sigmund
  2723 | D:2      | Reached XP level 6. HP: 48/48 MP: 10/10
  2866 | D:4      | Reached skill level 1 in Polearms
  2941 | D:4      | Reached skill level 2 in Polearms
  3085 | D:4      | Found a broken altar of Ashenzari.
  3152 | D:4      | Found Vuotz's General Store.
  3168 | D:4      | Bought a scroll of blinking for 97 gold pieces
  3168 | D:4      | Bought a scroll of teleportation for 39 gold pieces
  3168 | D:4      | Bought a scroll of identify for 26 gold pieces
  3180 | D:4      | Found a staircase to the Ecumenical Temple.
  3192 | D:4      | Reached skill level 3 in Polearms
  3209 | Temple   | Entered the Ecumenical Temple
  3260 | Temple   | Became a worshipper of Ru the Awakened
  3407 | D:5      | Entered Level 5 of the Dungeon
  3428 | D:5      | Found a one-way gate to the infinite horrors of the Abyss.
  3434 | D:5      | Found a corrupted altar of Lugonu.
  3525 | D:5      | Noticed an ice beast
  3549 | D:4      | Reached XP level 7. HP: 41/53 MP: 11/11
  3699 | D:5      | Reached skill level 4 in Polearms
  3969 | D:5      | Reached skill level 5 in Polearms
  4355 | D:5      | Got the Grimoire of Conjuring
  4393 | D:5      | Reached skill level 6 in Polearms
  4471 | D:5      | Reached XP level 8. HP: 60/60 MP: 12/12
  4601 | D:6      | Gained mutation: You are somewhat inexperienced. (-1 XL)
                  | [Ru sacrifice]
  4601 | D:6      | Reached XP level 7. HP: 53/53 MP: 11/11
  4601 | D:6      | Reached * piety under Ru
  4799 | D:6      | Reached skill level 7 in Polearms
  5286 | D:7      | Noticed Prince Ribbit
  5558 | D:7      | Reached skill level 8 in Polearms
  5626 | D:7      | HP: 2/53 [Prince Ribbit (13)]
  5651 | D:7      | Killed Prince Ribbit
  5814 | D:7      | Slain by a killer bee

Illustrated notes

Levels and vault maps discovered:
D:1:      dpeg_arrival_refuge, layout_loops_ring, serial_shops, shop
D:2:      layout_loops_cross, serial_shops, shop, dk_vineyard_1, uniq_sigmund
D:3:      layout_loops_corners, cheibriados_altar_1, nemelex_spade_bored_becter,
          lemuel_doored_altar, shapermc_ecumenical_altar_gd
D:4:      layout_rooms, nicolae_overflow_hidden_temple, temple_fountains,
          serial_shops, shop
D:5:      layout_basic, amcnicky_altar_lugonu_corruption
D:6:      layout_rooms
D:7:      layout_cave_pools, dreamdust_gnoll_farm, uniq_prince_ribbit1,
          uniq_menkaure
D:8:      layout_loops_ring, serial_shops, nicolae_shop_pleasant_corner_grove,
          uniq_joseph
Temple:   compressed_dpeg_circular_temple

Skill      XL: |  1  2  3  4  5  6  7 |
---------------+----------------------+-----
Unarmed Combat | 1 2 3 4 |  4.6
Fighting       | 1 2 3 |  3.8
Polearms       | 3 8 |  8.8
Dodging        | |  2.1
Stealth        | |  3.0
Spellcasting   | |  3.0
Conjurations   | |  0.6
Summonings     | |  1.0
Translocations | |  0.7

Action                     |  1- 3 |  4- 6 |  7- 9 || total
---------------------------+-------+-------+-------++-------
  Melee: Dagger            |    95 |       |       ||    95
         Bite              |    13 |    23 |    28 ||    64
         Punch             |     3 |     2 |       ||     5
         Unarmed           |    87 |   139 |       ||   226
         Halberd           |       |    60 |   337 ||   397
   Cast: Magic Dart        |     1 |       |       ||     1
 Invoke: Sacrifice Experie |       |       |     1 ||     1
  Evoke: Wand              |       |       |     8 ||     8
    Use: Scroll            |       |     6 |    14 ||    20
         Potion            |       |     1 |     2 ||     3
   Stab: Sleeping          |     8 |     8 |     1 ||    17
 Armour: Robe              |    40 |       |       ||    40
         Ring mail         |    25 |    92 |   165 ||   282
  Dodge: Dodged            |    99 |   120 |   208 ||   427
  Block: Other             |       |       |    87 ||    87
         Reflection        |       |       |     1 ||     1
